 Dungeon Crawl Stone Soup version 0.25.1-9-gc5326a611f (webtiles) character file.

Game seed: 14999109296605911412

597882 OdinFK the Hand of Fortune (level 27, -7/198 HPs)
             Began as a Halfling Hunter on Jan 2, 2021.
             Was the Champion of Nemelex Xobeh.
             Killed from afar by a storm dragon (9 damage)
             ... with a bolt of lightning
             ... on level 5 of the Realm of Zot on Jan 3, 2021.
             The game lasted 06:27:11 (67147 turns).

OdinFK the Hand of Fortune (Halfling Hunter)       Turns: 67147, Time: 06:27:11

Health: -7/198     AC: 43    Str: 22    XL:     27
Magic:  11/11      EV: 16    Int: 12    God:    Nemelex Xobeh [******]
Gold:   3758       SH: 23    Dex: 19    Spells: 17/30 levels left

rFire    + . .     SeeInvis +   b - +10 short sword "Xugg" {antimagic, rC- MR+ SInv}
rCold    x . .     Gourm    .   k - +5 kite shield {AC+3}
rNeg     . . .     Faith    .   y - +8 plate armour "Buice" {rElec}
rPois    .         Spirit   .   G - +2 helmet {Int+3}
rElec    +         Reflect  .   H - +2 cloak {Stlth+}
rCorr    .         Harm     .   e - +2 pair of gloves {archery}
MR       +++..                  N - +2 pair of boots {Fly}
Stlth    ..........             o - amulet of regeneration
HPRegen  0.83/turn              W - +4 ring of slaying
MPRegen  0.12/turn              v - ring of protection from fire

@: flying
A: small, deterioration 1, low mp 1, mutation resistance 1, subdued magic 1,
MP-powered wands
}: 3/15 runes: serpentine, barnacled, slimy
a: Draw Escape, Draw Destruction, Draw Summoning, Draw Stack, Triple Draw, Deal
Four, Stack Five, Renounce Religion, Stop Flying


You were on level 5 of the Realm of Zot.
You worshipped Nemelex Xobeh.
Nemelex Xobeh was exalted by your worship.
You were hungry.

You visited 10 branches of the dungeon, and saw 51 of its levels.
You also visited: Gauntlet and Ice Cave.

You collected 6643 gold pieces.
You spent 2885 gold pieces at shops.

Inventory:

Hand Weapons
 a - a +4 fustibalus of electrocution
 b - the +10 short sword "Xugg" (weapon) {antimagic, rC- MR+ SInv}
   (You found it on level 3 of the Shoals)

   It reduces the magical energy of the wielder, and disrupts the spells and
   magical abilities of those hit.
   Natural abilities and divine invocations are not affected.
   It makes you vulnerable to cold.
   It affects your resistance to hostile enchantments.
   It lets you see invisible.
 E - the +7 long sword of Vengeance {vorpal, rF++ MR+ Int-5 Dex+8}
   (You found it on level 5 of the Pits of Slime)

   It inflicts extra damage upon your enemies.
   It affects your intelligence (-5).
   It affects your dexterity (+8).
   It greatly protects you from fire.
   It affects your resistance to hostile enchantments.
 V - a +5 rapier of holy wrath
Missiles
 d - 481 sling bullets
 g - 773 stones (quivered)
Armour
 e - a +2 pair of gloves of archery (worn)
 k - a +5 kite shield of protection (worn)
 y - the +8 plate armour "Buice" (worn) {rElec}
   (You found it on level 4 of the Snake Pit)

   It insulates you from electricity.
 G - a +2 helmet of intelligence (worn)
 H - a +2 cloak of stealth (worn)
 N - a +2 pair of boots of flying (worn)
 S - +0 fire dragon scales
 X - the +0 pair of gloves "Taph" {rCorr Str+3}
   (You found it on level 4 of the Depths)

   It affects your strength (+3).
   It provides partial protection from all sources of acid and corrosion.
Jewellery
 n - the ring "Rohamuale" {rC+ Int+7 Stlth-}
   (You found it on level 4 of the Depths)

   [ring of protection from cold]

   It affects your intelligence (+7).
   It protects you from cold.
   It makes you less stealthy.
 o - an amulet of regeneration (around neck)
 q - a +6 ring of strength
 v - a ring of protection from fire (right hand)
 W - a +4 ring of slaying (left hand)
 Y - an uncursed ring of positive energy
Wands
 l - a wand of iceblast (36)
 s - a wand of clouds (14)
 J - a wand of digging (28)
 L - a wand of disintegration (29)
 P - a wand of paralysis (29)
 Q - a wand of acid (30)
Scrolls
 i - 2 scrolls of identify
 j - 6 scrolls of silence
 t - 10 scrolls of teleportation
 u - 13 scrolls of remove curse
 x - 5 scrolls of blinking
 B - 3 scrolls of fog
 D - a scroll of enchant armour
 I - 8 scrolls of magic mapping
 M - 3 scrolls of summoning
 R - 3 scrolls of holy word
 U - 7 scrolls of fear
Potions
 c - 12 potions of curing
 h - 5 potions of haste
 m - a potion of might
 p - a potion of cancellation
 r - 2 potions of resistance
 z - 2 potions of ambrosia
 A - 4 potions of mutation
 C - 9 potions of invisibility
 O - 5 potions of lignification
 T - 7 potions of brilliance
Miscellaneous
 K - 6 phantom mirrors
 Z - a lightning rod (4/4)
Comestibles
 f - 85 rations


   Skills:
 + Level 19.0 Fighting
 - Level 18.0 Short Blades
 + Level 22.8 Slings
 - Level 15.8 Armour
 - Level 10.0 Dodging
 - Level 1.3 Stealth
 - Level 22.0 Shields
 - Level 2.0 Spellcasting
 - Level 1.0 Hexes
 - Level 8.0 Translocations
 + Level 23.0 Invocations
 - Level 6.0 Evocations


You had 17 spell levels left.
You knew the following spells:

 Your Spells              Type           Power        Failure   Level  Hunger
a - Apportation           Tloc           ###...       7%          1    ##.....
b - Blink                 Tloc           N/A          11%         2    ###....
c - Lesser Beckoning      Tloc           ###.......   22%         3    ####...
d - Portal Projectile     Hex/Tloc       #.....       69%         3    ####...
e - Passage of Golubria   Tloc           N/A          61%         4    #####..

Your spell library contained the following spells:

 Spells                   Type           Power        Failure   Level  Hunger
 Gell's Gravitas          Tloc           ###.......   22%         3    ####...
 Teleport Other           Tloc           ###.....     22%         3    ####...
 Shroud of Golubria       Chrm/Tloc      #.....       52%         2    ###....
 Recall                   Summ/Tloc      N/A          77%         3    ####...
 Animate Skeleton         Necr           N/A          91%         1    ##.....
 Foxfire                  Conj/Fire      #...         91%         1    ##.....
 Magic Dart               Conj           #...         91%         1    ##.....
 Sandblast                Erth           #.....       91%         1    ##.....
 Shock                    Conj/Air       #...         91%         1    ##.....
 Sting                    Tmut/Pois      #...         91%         1    ##.....
 Summon Butterflies       Summ           #.......     91%         1    ##.....
 Summon Small Mammal      Summ           #...         91%         1    ##.....
 Slow                     Hex            #.......     91%         2    ###....
 Ensorcelled Hibernation  Hex/Ice        #.....       95%         2    ###....
 Call Imp                 Summ           #.......     97%         2    ###....
 Corpse Rot               Necr/Air       N/A          97%         2    ###....
 Passwall                 Tmut/Erth      #.......     97%         2    ###....
 Poisonous Vapours        Pois/Air       #.....       97%         2    ###....
 Searing Ray              Conj           #.....       97%         2    ###....
 Swiftness                Chrm/Air       #.......     97%         2    ###....
 Confusing Touch          Hex            #.......     99%         3    ####...
 Dazzling Flash           Conj/Hex       #.....       99%         3    ####...
 Inner Flame              Hex/Fire       #.......     99%         3    ####...
 Summon Guardian Golem    Hex/Summ       #.......     99%         3    ####...
 Tukima's Dance           Hex            #.......     99%         3    ####...
 Iskenderun's Mystic Bla  Conj/Tloc      #.......     99%         4    #####..
 Call Canine Familiar     Summ           #.......     100%        3    ####...
 Conjure Flame            Conj/Fire      #.......     100%        3    ####...
 Ignite Poison            Fire/Tmut/Pois #.......     100%        3    ####...
 Mephitic Cloud           Conj/Pois/Air  #.......     100%        3    ####...
 Ozocubu's Armour         Chrm/Ice       #.......     100%        3    ####...
 Static Discharge         Conj/Air       #.......     100%        3    ####...
 Stone Arrow              Conj/Erth      #.....       100%        3    ####...
 Airstrike                Air            #.........   100%        4    #####..
 Animate Dead             Necr           N/A          100%        4    #####..
 Fulminant Prism          Conj/Hex       #.........   100%        4    #####..
 Ice Form                 Ice/Tmut       #.......     100%        4    #####..
 Leda's Liquefaction      Hex/Erth       #.........   100%        4    #####..
 Petrify                  Tmut/Erth      #.......     100%        4    #####..
 Sticky Flame             Conj/Fire      #.......     100%        4    #####..
 Summon Ice Beast         Ice/Summ       #.......     100%        4    #####..
 Summon Lightning Spire   Summ/Air       #.......     100%        4    #####..
 Alistair's Intoxication  Tmut/Pois      #.......     100%        5    ######.
 Bolt of Magma            Conj/Fire/Erth #.........   100%        5    ######.
 Borgnjor's Vile Clutch   Necr/Erth      #.........   100%        5    ######.
 Excruciating Wounds      Chrm/Necr      #.........   100%        5    ######.
 Fireball                 Conj/Fire      #.........   100%        5    ######.
 Irradiate                Conj/Tmut      #.........   100%        5    ######.
 Lee's Rapid Deconstruct  Erth           #.........   100%        5    ######.
 Lightning Bolt           Conj/Air       #.........   100%        5    ######.
 Metabolic Englaciation   Hex/Ice        #.........   100%        5    ######.
 Silence                  Hex/Air        #.........   100%        5    ######.
 Summon Forest            Summ/Tloc      #.........   100%        5    ######.
 Yara's Violent Unravell  Hex/Tmut       #.........   100%        5    ######.
 Darkness                 Hex            #.........   100%        6    #######
 Death Channel            Necr           #.........   100%        6    #######
 Dispersal                Tloc           ###.......   100%        6    #######
 Eringya's Noxious Bog    Tmut/Pois      #.........   100%        6    #######
 Freezing Cloud           Conj/Ice/Air   #.........   100%        6    #######
 Hydra Form               Tmut           #.........   100%        6    #######
 Invisibility             Hex            #.......     100%        6    #######
 Iron Shot                Conj/Erth      #.........   100%        6    #######
 Ozocubu's Refrigeration  Ice            #.........   100%        6    #######
 Shadow Creatures         Summ           N/A          100%        6    #######
 Simulacrum               Ice/Necr       #.........   100%        6    #######
 Statue Form              Tmut/Erth      #........    100%        6    #######
 Dragon Form              Tmut           #.........   100%        7    #######
 Malign Gateway           Summ/Tloc      #.........   100%        7    #######
 Ring of Flames           Chrm/Fire      #.........   100%        7    #######
 Summon Hydra             Summ           #.........   100%        7    #######
 Disjunction              Tloc           ###.......   100%        8    #######
 Shatter                  Erth           #.........   100%        9    #######


Dungeon Overview and Level Annotations

Branches:
Dungeon (15/15)            Temple (1/1) D:6            Lair (6/6) D:11
 Shoals (4/4) Lair:3        Snake (4/4) Lair:3        Slime (5/5) Lair:5
    Orc (2/2) D:11            Elf (0/3) Orc:2        Vaults (4/5) D:14
  Crypt (0/3) Vaults:3     Depths (5/5) D:15            Zot (5/5) Depths:5
  IceCv (visited)         Gauntlet (visited)

Altars:
Ashenzari
Cheibriados
Dithmenos
Elyvilon
Fedhas
Gozag
Hepliaklqana
Kikubaaqudgha
Makhleb
Nemelex Xobeh
Okawaru
Qazlal
Ru
Sif Muna
Trog
Uskayaw
Vehumet
Wu Jian
Xom
Yredelemnul
Zin
The Shining One
Jiyva

Shops:
D:6 %   D:8 (   D:9 [}*[   Orc:2 *[*?   Shoals:2 !   Shoals:3 [   Snake:4 }
Vaults:1 *![   Vaults:4 :

Portals:
Hell: Depths:1 Depths:2 Depths:3 Depths:4 Depths:5
Abyss: Zot:3 Depths:1 Depths:2 Depths:3 Depths:4
Pandemonium: Depths:1 Depths:3 Depths:4
Ziggurat: Depths:1

Annotations:
Snake:1 Roxanne
Vaults:2 36 runed doors
Depths:1 1 runed translucent door
Zot:3 2 transporters


Innate Abilities, Weirdness & Mutations

You are small and have problems with some larger weapons.
You are somewhat resistant to further mutation.
Your body sometimes deteriorates upon taking damage.
Your magical capacity is low. (-10% MP)
Your spells are a little easier to cast, but a little less powerful.
You expend magic power (3 MP) to strengthen your wands.


Message History

The orb of fire emits a lurid red light.
The bolt of fire hits you. You resist.
* * * LOW HITPOINT WARNING * * *
The orb of fire glows bright magenta.
The fireball explodes!
The fireball engulfs you!! You resist.
* * * LOW HITPOINT WARNING * * *
The fireball engulfs the orb of fire.
The orb of fire completely resists.
The fireball engulfs the orb of fire.
The orb of fire completely resists.
You hear a deafening roar!
Your blink will be uncontrolled - continue anyway?
The Orb prevents control of your translocation!
You blink.
As you read the scroll of blinking, it crumbles to dust.
A storm dragon and a Killer Klown come into view.
The Killer Klown is wielding a +10 club of freezing.
The Killer Klown shouts!
The storm dragon roars deafeningly!
The storm dragon breathes lightning at you.
The bolt of lightning hits you! You resist.
You die...
Your body glows with a rainbow of weird colours and disappears.

#....../.............#
#....................#
#.....^......^.......#
#^......§............#
#.......§............# #
#.......§§^..........###
##......§§§§§.......###.
##.....§**§§§.....##...
##^..@.L§§§§.........#
▓▓^....##▓▓▓▓▓▓▓▓▓▓▓#
*▓...........,,,,****
*▓........Dp..,,,,,,,**
*▓..............,,,,,,,,
▓......^.....^..,,,,,,,,
▓.........^.§.§.,,,,,,,,
▓▓............§L,,,,,,,,
▓▓.........§§§,,,,,,,,,


You could see 2 orbs of fire, a Killer Klown, an ancient lich and a storm dragon
(catching breath).

Vanquished Creatures
  the Royal Jelly (Slime:5)
  An ancient lich (Depths:2)
  An orb of fire (Zot:2)
  2 juggernauts
  A Killer Klown (Zot:4)
  2 curse toes
  Vashnia (Snake:2)
  3 caustic shrikes
  6 golden dragons
  An electric golem (Zot:5)
  Asterion (Vaults:1)
  10 Orb Guardians (Zot:5)
  12 tentacled monstrosities
  A lich (Depths:1)
  3 titans
  7 quicksilver dragons
  26 acid blobs
  Gastronok (D:12)
  2 sphinxes
  9 death cobs
  The ghost of denis1488 the Warrior, an adept MiFi of the Shining One (Depths:1)
  3 draconian monks
  An azure jelly (shapeshifter) (Depths:4)
  15 storm dragons
  17 shadow dragons
  9 azure jellies
  Ilsuiw (Shoals:3)
  7 frost giants
  6 nagarajas
  10 fire giants
  3 tengu reavers
  5 orc warlords
  3 deep elf sorcerers
  3 draconian scorchers
  3 draconian knights
  2 ghost moths
  A draconian stormcaller (Zot:5)
  7 vault wardens
  A draconian shifter (Zot:4)
  3 draconian annihilators
  13 ironheart preservers
  3 spriggan defenders
  The ghost of Junoschy the Slinger, a journeyman HaHu of Okawaru (D:15)
  2 ghouls
  23 stone giants
  An entropy weaver (Vaults:4)
  10 green draconians
  5 vampire knights
  7 very ugly things
  5 black draconians
  A lorocyproca (Depths:3)
  5 red draconians
  A minotaur (Gauntlet)
  18 spark wasps
  3 white draconians
  4 yellow draconians
  4 purple draconians
  3 eidola (Depths:2)
  5 merfolk javelineers
  5 ettins
  13 death oozes (Slime:5)
  2 deep elf death magi
  12 ogre magi
  Josephine (Snake:1)
  20 yaktaur captains
  7 merfolk impalers
  2 deep elf high priests (Depths:4)
  15 vault guards
  10 fire dragons
  19 great orbs of eyes
  13 naga warriors
  7 rakshasas
  9 ice dragons
  An ice dragon (shapeshifter) (Vaults:1)
  3 hydras
  6 spriggan air magi
  35 two-headed ogres
  9 centaur warriors
  2 merfolk avatars
  3 death knights
  11 anacondas
  3 dancing weapons (Depths:2)
  An alligator snapping turtle (Vaults:4)
  5 satyrs
  6 tengu warriors
  4 merfolk aquamancers
  An alligator (shapeshifter) (Vaults:1)
  15 deep troll earth magi
  5 vampire magi
  6 deep troll shamans
  3 death yaks
  7 orc high priests
  9 spriggan berserkers
  3 soul eaters
  4 shock serpents
  24 naga sharpshooters
  6 deep elf knights
  5 hell knights
  A spectral minotaur (Depths:2)
  4 iron trolls
  5 salamander mystics
  7 skeletal warriors
  3 shadow wraiths
  23 deep trolls
  7 sea snakes
  6 flayed ghosts
  A spectral hydra (Depths:2)
  3 unseen horrors
  10 glowing orange brains
  2 orange crystal statues (Depths:2)
  An unseen horror (shapeshifter) (Vaults:3)
  14 harpies
  A tengu zombie (Depths:5)
  3 death drakes
  4 lindwurms
  4 phantasmal warriors
  An infernal demonspawn (Depths:3)
  13 ironbrand convokers
  3 wizards
  11 naga ritualists
  4 deep elf archers
  A lindwurm (shapeshifter) (D:14)
  3 necromancers
  Pikel (D:4)
  A wolf spider (Vaults:1)
  27 orc knights
  26 ugly things
  5 orc sorcerers (Orc:2)
  3 shining eyes
  12 oklob plants
  18 mana vipers
  8 cyclopes
  16 fauns
  A worldbinder (Gauntlet)
  19 moths of wrath
  60 slime creatures
  9 deep elf magi
  16 salamanders
  A faun (shapeshifter) (Depths:3)
  6 merfolk sirens
  4 water nymphs
  An elf zombie (Depths:5)
  11 elephants
  A guardian serpent (Snake:2)
  10 manticores
  22 naga magi
  3 rust devils
  5 ice statues (IceCv)
  7 vault sentinels
  6 torpor snails
  A black mamba (shapeshifter) (Vaults:3)
  6 spiny frogs
  A smoke demon (Depths:3)
  A torpor snail (shapeshifter) (Depths:4)
  2 eyes of devastation (Slime:5)
  31 black mambas
  Maggie (D:6)
  45 yaktaurs
  A kobold demonologist (Depths:3)
  A spiny frog (shapeshifter) (Vaults:4)
  9 freezing wraiths
  4 spectral merfolk (Depths:2)
  6 komodo dragons
  An anaconda simulacrum (Depths:2)
  2 human zombies (Vaults:2)
  34 merfolk
  A polar bear (Lair:6)
  3 meliai (D:14)
  2 trolls (shapeshifter) (Vaults:1)
  3 wind drakes
  6 tengu conjurers
  10 trolls
  3 tyrant leeches (Lair:6)
  Prince Ribbit (D:4)
  14 hornets
  5 blink frogs
  A meliai zombie (D:14)
  3 raiju (Depths:2)
  3 human simulacra (Vaults:2)
  17 dream sheep
  4 snapping turtles
  7 hippogriffs
  11 wraiths
  2 redbacks (Gauntlet)
  2 vampires (Depths:2)
  6 shadows
  A tarantella (Lair:6)
  2 spriggans
  18 water elementals
  5 wyverns
  22 yaks
  4 fire bats
  A human (Lair:6)
  8 golden eyes (Slime:5)
  A basilisk (Lair:3)
  2 hungry ghosts
  5 vampire mosquitoes
  12 wargs
  2 iron troll simulacra (IceCv)
  Edmund (D:4)
  4 hell hounds
  53 nagas
  A soldier ant (shapeshifter) (Vaults:1)
  13 water moccasins
  4 floating eyes
  4 harpy simulacra (IceCv)
  A hydra simulacrum (IceCv)
  44 orc warriors
  4 spectral spriggans (Depths:2)
  8 porcupines
  3 sky beasts (D:10)
  5 black bears
  2 phantoms (D:14)
  6 ice beasts (IceCv)
  2 ettin simulacra (IceCv)
  8 eyes of draining
  12 wolves
  4 boggarts
  37 ogres
  A tengu (D:7)
  20 centaurs
  15 crocodiles
  5 big kobolds
  12 bullfrogs
  A wyvern zombie (D:10)
  4 scorpions
  A spectral naga (Depths:2)
  2 spectral ogres (Depths:2)
  An orc simulacrum (Vaults:1)
  19 wights
  2 howler monkeys (D:4)
  4 electric eels
  2 spectral centaurs (Depths:2)
  3 bullfrog zombies
  3 quasits
  6 crimson imps
  6 centaur zombies
  9 hounds
  6 jellies
  Crazy Yiuf (D:5)
  19 orc priests
  A bullfrog skeleton (D:3)
  24 orc wizards
  10 centaur skeletons
  6 iguanas
  Natasha (thrice) (D:3)
  A spriggan simulacrum (Depths:2)
  A statue (D:5)
  11 worker ants
  2 hound zombies
  A hound skeleton (D:9)
  A howler monkey zombie (D:6)
  2 worker ant zombies
  6 gnolls
  7 adders
  3 shadow imps
  2 oozes
  3 adder zombies
  An adder skeleton (D:4)
  6 worms (D:2)
  2 dart slugs
  2 leopard geckos (D:1)
  111 orcs
  3 ball pythons
  5 bats
  3 giant cockroaches
  6 goblins
  6 hobgoblins
  4 jackals
  12 kobolds
  3 quokkas
  6 frilled lizards
  A leopard gecko skeleton (D:4)
  A quokka skeleton (D:8)
  8 rats
  A butterfly (Lair:2)
  A fungus (Zot:3)
  10 plants
  A tentacle (Shoals:3)
2020 creatures vanquished.

Vanquished Creatures (collateral kills)
  An ancient lich (Depths:5)
  Jory (Depths:4)
  An iron giant (Depths:5)
  A shadow dragon (Depths:2)
  A vampire knight (Depths:4)
  A spark wasp (Depths:4)
  A merfolk impaler (Shoals:2)
  A fire dragon (Depths:4)
  A hydra (Lair:2)
  2 ice dragons
  A death yak (Lair:5)
  A deep troll shaman (Depths:4)
  A deep troll earth mage (Depths:4)
  A tengu warrior (Depths:4)
  A flayed ghost (Depths:5)
  A deep troll (Depths:2)
  2 manticores (Shoals:1)
  A mana viper (Depths:2)
  A water nymph (Shoals:3)
  A spiny frog (Lair:2)
  A yaktaur (Depths:4)
  4 merfolk
  A slime creature (Gauntlet)
  A snapping turtle (Shoals:1)
  A bullfrog (Lair:3)
  A butterfly (Lair:2)
31 creatures vanquished.

Vanquished Creatures (others)
  An unseen horror (Vaults:1)
  A wizard (Vaults:3)
  A sky beast (D:7)
  An orc priest (Orc:2)
  A gnoll shaman (D:5)
  2 orc wizards
  A gnoll (D:5)
  An orc (D:5)
  A fire vortex (Lair:6)
  11 fungi
  37 plants
  20 tentacles
78 creatures vanquished.

Grand Total: 2129 creatures vanquished

Notes
Turn   | Place    | Note
-------+----------+-------------------------------------------
     0 | D:1      | OdinFK the Halfling Hunter began the quest for the Orb.
     0 | D:1      | Reached XP level 1. HP: 14/14 MP: 1/1
   180 | D:1      | Reached XP level 2. HP: 17/19 MP: 2/2
   293 | D:1      | Reached skill level 1 in Armour
   324 | D:1      | Reached XP level 3. HP: 18/24 MP: 3/3
   857 | D:2      | Reached XP level 4. HP: 11/30 MP: 4/4
  1282 | D:2      | Reached skill level 1 in Evocations
  1494 | D:3      | Reached XP level 5. HP: 24/35 MP: 5/5
  1833 | D:3      | Noticed Natasha
  1840 | D:3      | Killed Natasha
  2026 | D:3      | Reached XP level 6. HP: 28/41 MP: 6/6
  2031 | D:3      | Reached skill level 1 in Short Blades
  2212 | D:3      | Noticed Natasha
  2218 | D:3      | Killed Natasha
  2317 | D:4      | Noticed an ogre
  2329 | D:4      | Killed an ogre
  2337 | D:3      | Reached skill level 1 in Shields
  2385 | D:3      | Noticed Natasha
  2387 | D:3      | Killed Natasha
  2387 | D:3      | Reached XP level 7. HP: 30/46 MP: 8/8
  2761 | D:4      | Noticed Edmund
  2858 | D:4      | Killed Edmund
  2858 | D:4      | Reached XP level 8. HP: 50/52 MP: 9/9
  3215 | D:5      | Entered Level 5 of the Dungeon
  3216 | D:5      | Noticed Pikel
  3253 | D:5      | Noticed Prince Ribbit
  3265 | D:4      | Killed Prince Ribbit
  3265 | D:4      | Reached skill level 10 in Slings
  3532 | D:5      | Found a runed translucent door.
  3533 | D:5      | Noticed Crazy Yiuf
  3545 | D:5      | Killed Crazy Yiuf
  3710 | D:4      | Killed Pikel
  3710 | D:4      | Reached skill level 5 in Armour
  3710 | D:4      | Reached XP level 9. HP: 43/59 MP: 11/11
  3842 | D:5      | Found a radiant altar of Vehumet.
  4047 | D:5      | Found a white marble altar of Elyvilon.
  4127 | D:5      | Found a shimmering altar of Xom.
  4163 | D:5      | Paralysed by a crimson imp for 4 turns
  4338 | D:6      | Found Wibe's Food Emporium.
  4429 | D:6      | Reached skill level 5 in Fighting
  4701 | D:6      | Reached skill level 5 in Shields
  4717 | D:6      | Found a staircase to the Ecumenical Temple.
  4779 | D:6      | Noticed Maggie
  4781 | Temple   | Entered the Ecumenical Temple
  4811 | Temple   | Became a worshipper of Nemelex Xobeh the Trickster
  5024 | D:6      | Killed Maggie
  5024 | D:6      | Reached XP level 10. HP: 40/66 MP: 12/12
  5101 | D:6      | Received a gift from Nemelex Xobeh
  5113 | D:6      | Reached skill level 1 in Invocations
  5627 | D:7      | Reached skill level 2 in Invocations
  5827 | D:7      | Reached skill level 5 in Short Blades
  5919 | D:7      | Noticed Joseph
  5940 | D:7      | Noticed Joseph
  5940 | D:7      | Joseph changed into Joseph the tengu
  5949 | D:7      | Killed Joseph the tengu
  5982 | D:7      | Reached skill level 3 in Invocations
  6291 | D:7      | Found a stormy altar of Qazlal.
  6452 | D:7      | Reached * piety under Nemelex Xobeh
  6681 | D:7      | Received a gift from Nemelex Xobeh
  6743 | D:7      | Found a shimmering blue altar of Sif Muna.
  7409 | D:8      | Found Lyni's Antique Weapon Shop.
  7489 | D:8      | Found a white marble altar of Elyvilon.
  7492 | D:8      | Found an iron altar of Okawaru.
  7495 | D:8      | Found a shadowy altar of Dithmenos.
  7528 | D:8      | Reached skill level 4 in Invocations
  7613 | D:9      | Found Oriral's Armour Shop.
  7616 | D:9      | Bought a +1 helmet for 172 gold pieces
  7907 | D:9      | Reached ** piety under Nemelex Xobeh
  8072 | D:9      | Noticed a two-headed ogre
  8089 | D:9      | Killed a two-headed ogre
  8089 | D:9      | Reached skill level 5 in Invocations
  8089 | D:9      | Reached XP level 11. HP: 57/74 MP: 14/14
  8104 | D:9      | Received a gift from Nemelex Xobeh
  8104 | D:9      | Noticed a two-headed ogre
  8147 | D:9      | Killed a two-headed ogre
  8245 | D:9      | Found Qicit's Gadget Shoppe.
  8278 | D:9      | Found Keydyt's Antique Armour Shoppe.
  8281 | D:9      | Bought a pair of distressingly furry boots for 209 gold
                  | pieces
  8286 | D:9      | Identified the +0 pair of boots "Piasaole" {Stlth+} (You
                  | bought it in a shop on level 9 of the Dungeon)
  8352 | D:9      | Found Baduxep's General Store.
  8495 | D:10     | Entered Level 10 of the Dungeon
  8495 | D:10     | Noticed an unseen horror
  8558 | D:10     | Killed an unseen horror
  8587 | D:10     | Reached skill level 6 in Invocations
  9113 | D:10     | Noticed a centaur warrior
  9144 | D:10     | Killed a centaur warrior
  9885 | D:11     | Reached skill level 7 in Invocations
  9933 | D:11     | Noticed an unseen horror
  9972 | D:11     | Killed an unseen horror
  9972 | D:11     | Reached XP level 12. HP: 32/82 MP: 17/17
 10086 | D:11     | Found a staircase to the Orcish Mines.
 10316 | D:11     | Found a staircase to the Lair.
 10405 | Lair:1   | Entered Level 1 of the Lair of Beasts
 10493 | Lair:1   | Found a gate leading to a gauntlet.
 10523 | Lair:1   | Reached *** piety under Nemelex Xobeh
 10532 | Lair:1   | Received a gift from Nemelex Xobeh
 10557 | Gauntlet | Entered a Gauntlet
 10557 | Gauntlet | Found a transporter.
 10557 | Gauntlet | Found a transporter.
 10566 | Gauntlet | Found a transporter.
 10569 | Gauntlet | Found a transporter.
 10581 | Gauntlet | Found a transporter.
 10582 | Gauntlet | Found a transporter.
 10589 | Gauntlet | Found a transporter.
 10603 | Gauntlet | Found a runed translucent door.
 10605 | Gauntlet | Found a transporter.
 10608 | Gauntlet | Found a runed translucent door.
 10608 | Gauntlet | Noticed a thrashing horror
 10619 | Gauntlet | Found a transporter.
 10623 | Gauntlet | Found a transporter.
 10634 | Gauntlet | Found a transporter.
 10635 | Gauntlet | Found a transporter.
 10659 | Gauntlet | Noticed a wizard
 10727 | Gauntlet | Received a gift from Nemelex Xobeh
 10879 | Gauntlet | Reached skill level 8 in Invocations
 11140 | Gauntlet | Got a warped cloak
 11151 | Gauntlet | Identified the +0 cloak "Qearphupt" {rF- Str+8 Int+3} (You
                  | found it in a Gauntlet)
 11169 | Gauntlet | Identified the +2 plate armour "Liphinwinga" {+Fly rElec
                  | rPois Str-4}
 11169 | Gauntlet | Noticed a minotaur
 11178 | Gauntlet | Killed a minotaur
 11178 | Gauntlet | Reached skill level 10 in Short Blades
 11582 | Lair:2   | Noticed an eight-headed hydra
 11638 | Lair:2   | Received a gift from Nemelex Xobeh
 11702 | Lair:2   | Reached **** piety under Nemelex Xobeh
 11986 | Lair:2   | Identified the -1 hand axe of Syferr {flame, +Fly}
 11992 | Lair:2   | Killed a seven-headed hydra
 12097 | Lair:2   | Received a gift from Nemelex Xobeh
 12364 | Lair:3   | Noticed a five-headed hydra
 12367 | Lair:3   | Noticed an ice dragon
 12367 | Lair:3   | a five-headed hydra changed into an ice dragon
 12369 | Lair:3   | Identified the -1 quarterstaff of Esoann {distort, rF+}
 12372 | Lair:3   | Killed an ice dragon
 12419 | Lair:3   | Found a staircase to the Snake Pit.
 12458 | Lair:3   | Reached ***** piety under Nemelex Xobeh
 12590 | Lair:3   | Found a staircase to the Shoals.
 12595 | Lair:3   | Reached XP level 13. HP: 89/89 MP: 19/19
 12722 | Lair:3   | Received a gift from Nemelex Xobeh
 13120 | Lair:4   | Received a gift from Nemelex Xobeh
 13151 | Lair:4   | Noticed a six-headed hydra
 13167 | Lair:4   | Killed a six-headed hydra
 13167 | Lair:4   | Reached skill level 10 in Armour
 13167 | Lair:4   | Reached skill level 5 in Evocations
 13821 | Lair:4   | Reached skill level 9 in Invocations
 14032 | Lair:5   | Received a gift from Nemelex Xobeh
 14533 | Lair:5   | Found a runed translucent door.
 14533 | Lair:5   | Found a viscous altar of Jiyva.
 14533 | Lair:5   | Found a staircase to the Slime Pits.
 14533 | Lair:5   | Noticed an acid blob
 14533 | Lair:5   | Noticed an acid blob
 14655 | Lair:4   | Identified the +2 executioner's axe of Higin {drain, *Slow
                  | +Inv rPois MP+9}
 14981 | Lair:5   | Noticed a six-headed hydra
 15014 | Lair:5   | Killed a six-headed hydra
 15014 | Lair:5   | Reached skill level 10 in Invocations
 15104 | Lair:5   | Received a gift from Nemelex Xobeh
 15193 | Lair:5   | Reached ****** piety under Nemelex Xobeh
 15276 | Lair:6   | Entered Level 6 of the Lair of Beasts
 15334 | Lair:5   | Reached skill level 10 in Fighting
 15655 | Lair:6   | Received a gift from Nemelex Xobeh
 15679 | Lair:6   | Reached XP level 14. HP: 89/99 MP: 21/21
 15988 | Lair:6   | Received a gift from Nemelex Xobeh
 16326 | Lair:6   | Found a runed translucent door.
 16702 | Lair:6   | Reached skill level 11 in Invocations
 16992 | Lair:6   | Received a gift from Nemelex Xobeh
 17475 | D:9      | Bought the +7 Kryia's mail coat {PotionHeal*2 rC+} for 840
                  | gold pieces
 17475 | D:9      | Found the +7 Kryia's mail coat {PotionHeal*2 rC+}
 17677 | Shoals:1 | Entered Level 1 of the Shoals
 18454 | Shoals:1 | Reached skill level 5 in Dodging
 18509 | Shoals:1 | Noticed a kraken
 18873 | Shoals:1 | Received a gift from Nemelex Xobeh
 19243 | Shoals:2 | Found Waweame's Distillery.
 19311 | Shoals:2 | Found an ornate altar of the Wu Jian Council.
 19333 | Shoals:2 | Bought a potion of resistance for 190 gold pieces
 19333 | Shoals:2 | Bought a potion of brilliance for 76 gold pieces
 19425 | Shoals:2 | Reached XP level 15. HP: 41/107 MP: 23/23
 19453 | Shoals:2 | Received a gift from Nemelex Xobeh
 20011 | Shoals:2 | Reached skill level 12 in Invocations
 20925 | Shoals:3 | Found Bekiceuxt's Armour Shop.
 20931 | Shoals:3 | Bought a +0 pair of gloves of archery for 138 gold pieces
 20976 | Shoals:3 | Noticed a kraken
 21400 | Shoals:3 | Received a gift from Nemelex Xobeh
 21794 | Shoals:3 | Noticed Ilsuiw
 21804 | Shoals:2 | Noticed a ghost moth
 21815 | Shoals:2 | Killed a ghost moth
 22790 | Shoals:3 | Identified the cursed +1 great mace "Irunk" {vorpal, rC+
                  | MR- Int+7 Stlth+}
 23127 | Shoals:3 | Noticed a kraken
 23326 | Shoals:3 | Got a glimmering short sword
 23327 | Shoals:3 | Identified the +10 short sword "Xugg" {antimagic, rC- MR+
                  | SInv} (You found it on level 3 of the Shoals)
 23552 | Shoals:3 | Received a gift from Nemelex Xobeh
 23747 | Shoals:3 | Killed Ilsuiw
 23747 | Shoals:3 | Reached XP level 16. HP: 114/114 MP: 25/25
 23811 | Shoals:4 | Entered Level 4 of the Shoals
 25496 | Shoals:4 | Reached skill level 13 in Invocations
 25951 | Shoals:4 | Got a pitted chain mail
 26260 | Shoals:4 | Received a gift from Nemelex Xobeh
 26309 | Shoals:4 | Identified the +1 chain mail "Usolieda" {Int+5 Dex+8}
 26313 | Shoals:4 | Noticed a kraken
 26347 | Shoals:4 | Got a barnacled rune of Zot
 26587 | Shoals:4 | Reached skill level 10 in Dodging
 26732 | Shoals:4 | Identified the ring of Egomania {Ice SInv}
 26936 | Lair:3   | Identified the +2 chain mail "Qehyg" {Harm +Inv rF+} (You
                  | found it on level 4 of the Shoals)
 26957 | Snake:1  | Entered Level 1 of the Snake Pit
 27032 | Lair:3   | Reached skill level 15 in Slings
 27435 | Snake:1  | Noticed Josephine
 27457 | Snake:1  | Killed Josephine
 27497 | Snake:1  | Reached XP level 17. HP: 91/121 MP: 27/27
 27628 | Snake:1  | Received a gift from Nemelex Xobeh
 27729 | Snake:1  | Noticed Roxanne
 27764 | Snake:1  | Noticed Louise
 27785 | Snake:1  | Noticed Louise
 27785 | Snake:1  | Louise changed into Louise the satyr
 27789 | Snake:1  | Killed Louise the satyr
 27981 | Snake:1  | Reached skill level 14 in Invocations
 28436 | Snake:2  | Noticed Vashnia
 28587 | Snake:2  | Received a gift from Nemelex Xobeh
 29209 | Snake:2  | Received a gift from Nemelex Xobeh
 29893 | Snake:2  | Killed Vashnia
 30398 | Snake:3  | Received a gift from Nemelex Xobeh
 30505 | Snake:3  | Received a gift from Nemelex Xobeh
 30554 | Snake:3  | Reached skill level 10 in Shields
 31020 | Snake:3  | Got a glimmering ring mail
 31031 | Snake:3  | Identified the +1 ring mail of Imperfection {*Corrode
                  | +Blink Regen+ Str+10} (You found it on level 3 of the Snake
                  | Pit)
 31123 | Snake:3  | Received a gift from Nemelex Xobeh
 31435 | Snake:4  | Entered Level 4 of the Snake Pit
 31465 | Snake:4  | Found a frozen archway.
 31478 | Snake:4  | Reached XP level 18. HP: 56/129 MP: 27/29
 31730 | IceCv    | Entered an ice cave
 32715 | Snake:4  | Received a gift from Nemelex Xobeh
 32737 | Snake:4  | Found a burning altar of Makhleb.
 32742 | Snake:4  | Found Deatrid's Gadget Shop.
 32873 | Snake:4  | Got a jewelled plate armour
 32888 | Snake:4  | Identified the +8 plate armour "Buice" {rElec} (You found
                  | it on level 4 of the Snake Pit)
 33025 | Snake:4  | Reached skill level 15 in Invocations
 33313 | Snake:4  | Noticed Saint Roka
 33332 | Snake:4  | Noticed Saint Roka
 33332 | Snake:4  | Saint Roka changed into Saint Roka the acid blob
 33334 | Snake:4  | Killed Saint Roka the acid blob
 33680 | Snake:4  | Received a gift from Nemelex Xobeh
 34702 | Snake:4  | Reached skill level 16 in Invocations
 34722 | Snake:4  | Reached XP level 19. HP: 81/137 MP: 31/31
 34929 | Snake:4  | Got a serpentine rune of Zot
 34943 | Snake:4  | Received a gift from Nemelex Xobeh
 35492 | D:12     | Received a gift from Nemelex Xobeh
 35492 | D:12     | Noticed Gastronok
 35506 | D:12     | Killed Gastronok
 35567 | D:12     | Paralysed by a hornet for 3 turns
 35833 | D:13     | Received a gift from Nemelex Xobeh
 36136 | D:13     | Received a gift from Nemelex Xobeh
 36532 | D:14     | Received a gift from Nemelex Xobeh
 36704 | D:14     | Reached skill level 15 in Fighting
 36979 | D:14     | Found a gate to the Vaults.
 37426 | D:15     | Entered Level 15 of the Dungeon
 37450 | D:15     | Found a runed translucent door.
 37529 | D:15     | Noticed Junoschy's ghost (journeyman HaHu)
 37568 | D:15     | Reached skill level 17 in Invocations
 37663 | D:15     | Received a gift from Nemelex Xobeh
 37965 | D:15     | Received a gift from Nemelex Xobeh
 38085 | D:15     | Found a staircase to the Depths.
 38224 | D:15     | Killed Junoschy's ghost
 38299 | Vaults:1 | Entered Level 1 of the Vaults
 38768 | Vaults:1 | Reached XP level 20. HP: 90/145 MP: 32/32
 38792 | Vaults:1 | Received a gift from Nemelex Xobeh
 39574 | Vaults:1 | Noticed Asterion
 39612 | Vaults:1 | Killed Asterion
 39781 | Vaults:1 | Found a shimmering blue altar of Sif Muna.
 39810 | Vaults:1 | Learned a level 1 spell: Apportation
 39813 | Vaults:1 | Learned a level 2 spell: Blink
 39922 | Vaults:1 | Reached skill level 1 in Translocations
 39951 | Vaults:1 | Found Luryinirghe's General Store.
 39988 | Vaults:1 | Found Hateshry's Antique Armour Boutique.
 39996 | Vaults:1 | Bought a pair of shimmering gloves for 408 gold pieces
 40007 | Vaults:1 | Identified the +0 pair of gloves of the Harp {Int+4} (You
                  | bought it in a shop on level 1 of the Vaults)
 40024 | Vaults:1 | Found Aboib's Distillery.
 40031 | Vaults:1 | Bought 2 potions of berserk rage for 140 gold pieces
 40558 | Vaults:2 | Received a gift from Nemelex Xobeh
 40791 | Vaults:2 | Received a gift from Nemelex Xobeh
 41197 | Vaults:2 | Received a gift from Nemelex Xobeh
 41271 | Vaults:2 | Reached skill level 15 in Short Blades
 41386 | Vaults:2 | Found a huge runed gate.
 41386 | Vaults:2 | Found a huge runed gate.
 41386 | Vaults:2 | Found a huge runed gate.
 41386 | Vaults:2 | Found a huge runed gate.
 41386 | Vaults:2 | Found a huge runed gate.
 41386 | Vaults:2 | Found a huge runed gate.
 41386 | Vaults:2 | Found a huge runed gate.
 41387 | Vaults:2 | Found a huge runed gate.
 41387 | Vaults:2 | Found a huge runed gate.
 41387 | Vaults:2 | Found a huge runed gate.
 41522 | Vaults:2 | Found a huge runed gate.
 41522 | Vaults:2 | Found a huge runed gate.
 41523 | Vaults:2 | Found a huge runed gate.
 41523 | Vaults:2 | Found a huge runed gate.
 41523 | Vaults:2 | Found a huge runed gate.
 41523 | Vaults:2 | Found a huge runed gate.
 41524 | Vaults:2 | Found a huge runed gate.
 41525 | Vaults:2 | Found a huge runed gate.
 41526 | Vaults:2 | Found a huge runed gate.
 41534 | Vaults:2 | Found a huge runed gate.
 41534 | Vaults:2 | Found a huge runed gate.
 41534 | Vaults:2 | Found a huge runed gate.
 41534 | Vaults:2 | Found a huge runed gate.
 41534 | Vaults:2 | Found a huge runed gate.
 41534 | Vaults:2 | Found a huge runed gate.
 41535 | Vaults:2 | Found a huge runed gate.
 41536 | Vaults:2 | Found a huge runed gate.
 41537 | Vaults:2 | Found a huge runed gate.
 41545 | Vaults:2 | Found a huge runed gate.
 41545 | Vaults:2 | Found a huge runed gate.
 41545 | Vaults:2 | Found a huge runed gate.
 41545 | Vaults:2 | Found a huge runed gate.
 41545 | Vaults:2 | Found a huge runed gate.
 41545 | Vaults:2 | Found a huge runed gate.
 41546 | Vaults:2 | Found a huge runed gate.
 41547 | Vaults:2 | Found a huge runed gate.
 41758 | Vaults:2 | Received a gift from Nemelex Xobeh
 42002 | Vaults:3 | Reached skill level 1 in Spellcasting
 42060 | Vaults:3 | Reached XP level 21. HP: 85/152 MP: 11/33
 42160 | Vaults:3 | Received a gift from Nemelex Xobeh
 42682 | Vaults:3 | Found a staircase to the Crypt.
 42704 | Vaults:3 | Received a gift from Nemelex Xobeh
 42887 | Vaults:3 | Reached skill level 18 in Invocations
 43220 | Vaults:3 | Received a gift from Nemelex Xobeh
 44577 | Vaults:4 | Reached skill level 15 in Shields
 44686 | Vaults:4 | Received a gift from Nemelex Xobeh
 44820 | Vaults:4 | Reached XP level 22. HP: 63/160 MP: 35/35
 45172 | Vaults:4 | Received a gift from Nemelex Xobeh
 45342 | Vaults:4 | Found Jeomis's Book Shop.
 45882 | Orc:1    | Entered Level 1 of the Orcish Mines
 45986 | Orc:2    | Entered Level 2 of the Orcish Mines
 46207 | Orc:2    | Found a staircase to the Elven Halls.
 46222 | Orc:2    | Reached skill level 19 in Invocations
 46227 | Orc:2    | Learned a level 3 spell: Lesser Beckoning
 46326 | Orc:2    | Found an iron altar of Okawaru.
 46703 | Orc:2    | Received a gift from Nemelex Xobeh
 46714 | Orc:2    | Found Ifaug's Magic Scroll Boutique.
 46955 | Orc:2    | Found Waul's General Store.
 46962 | Orc:2    | Found Qabi's Armour Emporium.
 46964 | Orc:2    | Found Bawi Eqe's Assorted Antiques.
 46972 | Orc:2    | Bought a scroll of blinking for 165 gold pieces
 47000 | Orc:2    | Bought a +1 helmet of intelligence for 214 gold pieces
 47010 | Orc:2    | Bought a scroll of identify for 24 gold pieces
 47010 | Orc:2    | Bought a scroll of enchant armour for 90 gold pieces
 47010 | Orc:2    | Bought a scroll of enchant armour for 90 gold pieces
 47010 | Orc:2    | Bought a scroll of identify for 24 gold pieces
 47014 | Orc:2    | Bought a scroll of holy word for 105 gold pieces
 47250 | Depths:1 | Entered Level 1 of the Depths
 47350 | Depths:1 | Found a gateway to a ziggurat.
 47751 | Depths:1 | Identified Empeptui's Compendium of Orientation
 47757 | Depths:1 | Learned a level 3 spell: Portal Projectile
 47762 | Depths:1 | Learned a level 4 spell: Passage of Golubria
 47832 | Depths:1 | Found a one-way gate to the infinite horrors of the Abyss.
 47859 | Depths:1 | Reached skill level 5 in Translocations
 48118 | Depths:1 | Received a gift from Nemelex Xobeh
 48779 | Depths:1 | Found a gateway to Hell.
 48814 | Depths:1 | Found a runed translucent door.
 48814 | Depths:1 | Noticed denis1488's ghost (adept MiFi)
 48909 | Depths:1 | Found a one-way gate leading to the halls of Pandemonium.
 48943 | Depths:1 | Killed denis1488's ghost
 48955 | Depths:1 | Identified the Tome of Ashen Heat
 49183 | Depths:1 | Reached XP level 23. HP: 158/166 MP: 12/36
 49253 | Depths:1 | Found a runed translucent door.
 49254 | Depths:1 | Noticed an ancient lich
 49282 | Depths:1 | Identified Sif Muna's Compendium of the Entourage and
                  | Execration
 49313 | Depths:1 | Found a runed translucent door.
 49889 | Depths:2 | Identified the Catalogue of Augmentations and Intoxication
 50107 | Depths:2 | Received a gift from Nemelex Xobeh
 50403 | Depths:2 | Noticed an ancient lich
 50425 | Depths:2 | Killed an ancient lich
 50735 | Depths:2 | Identified Naugao's Witchcraft, Part Two
 50740 | Depths:2 | Reached XP level 24. HP: 86/173 MP: 12/36
 50861 | Depths:2 | Reached skill level 20 in Invocations
 50910 | Depths:2 | Received a gift from Nemelex Xobeh
 51075 | Depths:2 | Paralysed by a floating eye for 4 turns
 51117 | Depths:2 | Paralysed by a floating eye for 2 turns
 51438 | Depths:2 | Got an encrusted dagger
 51439 | Depths:2 | Identified the cursed +0 dagger of Past Mistakes {venom,
                  | MR++ Str+7 SInv} (You found it on level 2 of the Depths)
 52528 | Depths:3 | Reached XP level 25. HP: 126/177 MP: 16/37
 52578 | Depths:3 | Received a gift from Nemelex Xobeh
 53033 | Depths:3 | Reached skill level 21 in Invocations
 53150 | Depths:3 | Noticed a juggernaut
 53162 | Depths:3 | Killed a juggernaut
 53887 | Depths:3 | Reached skill level 1 in Hexes
 54500 | Depths:4 | Paralysed by a great orb of eyes for 3 turns
 54590 | Depths:4 | Noticed Jory
 54597 | Depths:4 | Identified the -1 long sword of Extermination {vorpal, rC+
                  | Str+2 Int+3}
 54609 | Depths:4 | Killed Jory
 54966 | Depths:4 | Reached XP level 26. HP: 162/187 MP: 37/37
 55080 | Depths:4 | Noticed a juggernaut
 55102 | Depths:4 | Killed a juggernaut
 55190 | Depths:4 | Got a pair of steaming gloves
 55201 | Depths:4 | Identified the +0 pair of gloves "Taph" {rCorr Str+3} (You
                  | found it on level 4 of the Depths)
 55375 | Depths:4 | Received a gift from Nemelex Xobeh
 55696 | Depths:4 | Got an encrusted scale mail
 55707 | Depths:4 | Identified the +2 scale mail of Hide-and-Seek {*Slow rN+++
                  | rCorr SInv} (You found it on level 4 of the Depths)
 55899 | Depths:4 | Identified the Collected Works on the Ghastly Compass
 56172 | Depths:4 | Got a sparkling lead ring
 56174 | Depths:4 | Identified the ring "Rohamuale" {rC+ Int+7 Stlth-} (You
                  | found it on level 4 of the Depths)
 56449 | Depths:5 | Entered Level 5 of the Depths
 57165 | Depths:5 | Received a gift from Nemelex Xobeh
 57564 | Depths:5 | Found a gate to the Realm of Zot.
 58311 | Depths:5 | Reached XP level 27. HP: 179/195 MP: 31/37
 58342 | Depths:5 | Noticed an ancient lich
 58373 | Depths:5 | Killed an ancient lich
 58547 | Depths:5 | Identified Kikubaaqudgha's Catalogue of Stolen Souls
 59344 | Slime:1  | Entered Level 1 of the Pits of Slime
 59425 | Slime:2  | Received a gift from Nemelex Xobeh
 59432 | Slime:2  | Reached skill level 15 in Armour
 59581 | Slime:3  | Received a gift from Nemelex Xobeh
 59715 | Slime:5  | Entered Level 5 of the Pits of Slime
 59766 | Slime:5  | Gained mutation: Your magical capacity is low. (-10% MP) [a
                  | shining eye]
 59805 | Slime:5  | Reached skill level 22 in Invocations
 60430 | Slime:5  | Received a gift from Nemelex Xobeh
 60510 | Slime:5  | Found a viscous altar of Jiyva.
 60511 | Slime:5  | Noticed the Royal Jelly
 60550 | Slime:5  | Killed the Royal Jelly
 60649 | Slime:5  | Got a shimmering long sword
 60650 | Slime:5  | Identified the +7 long sword of Vengeance {vorpal, rF++ MR+
                  | Int-5 Dex+8} (You found it on level 5 of the Pits of Slime)
 60661 | Slime:5  | Identified the Grimoire of Poisoning and the Compass
 60669 | Slime:5  | Got a pitted turquoise ring
 60671 | Slime:5  | Identified the ring of Wune {rC+ Int+6} (You found it on
                  | level 5 of the Pits of Slime)
 60694 | Slime:5  | Identified Sif Muna's Almanac of Congealing Venom
 60697 | Slime:5  | Got a slimy rune of Zot
 61351 | Zot:1    | Entered Level 1 of the Realm of Zot
 62340 | Zot:2    | Received a gift from Nemelex Xobeh
 62600 | Zot:2    | Noticed an orb of fire
 62608 | Zot:2    | Gained mutation: Your spells are a little easier to cast,
                  | but a little less powerful. [an orb of fire]
 62611 | Zot:2    | Gained mutation: You expend magic power (3 MP) to
                  | strengthen your wands. [an orb of fire]
 63087 | Zot:2    | Killed an orb of fire
 63391 | Zot:2    | Received a gift from Nemelex Xobeh
 63551 | Zot:3    | Found a transporter.
 63558 | Zot:3    | Received a gift from Nemelex Xobeh
 63579 | Zot:3    | Identified the +4 great sword of Unpleasantness {distort,
                  | Int+3}
 63605 | Zot:3    | Noticed a Killer Klown
 63620 | Zot:3    | Noticed a Killer Klown
 63815 | Zot:3    | Found a transporter.
 64100 | Zot:3    | Received a gift from Nemelex Xobeh
 65296 | Zot:4    | Noticed a Killer Klown
 65313 | Zot:4    | Killed a Killer Klown
 65464 | Zot:4    | Received a gift from Nemelex Xobeh
 65827 | Zot:5    | Entered Level 5 of the Realm of Zot
 67087 | Zot:5    | Reached skill level 23 in Invocations
 67133 | Zot:5    | Noticed an orb of fire
 67135 | Zot:5    | Noticed an orb of fire
 67135 | Zot:5    | Noticed an ancient lich
 67145 | Zot:5    | Gained mutation: Your body sometimes deteriorates upon
                  | taking damage. [an orb of fire]
 67146 | Zot:5    | HP: 1/198 [orb of fire/fireball (23)]
 67147 | Zot:5    | Noticed a Killer Klown
 67147 | Zot:5    | Killed from afar by a storm dragon

Illustrated notes

Levels and vault maps discovered:
D:1:      matt_arrival_grand_opening, layout_rooms
D:2:      cheibrodos_helix_gallery, layout_loops_corners
D:3:      layout_loops_corners, uniq_natasha
D:4:      layout_rooms, uniq_edmund
D:5:      layout_rooms, led_xom_imps, vehumet_statue, first_ration,
          elyvilon_altar_3, uniq_pikel, uniq_prince_ribbit1,
          uniq_crazy_yiuf_cottage
D:6:      layout_basic, temple_pool_b, serial_shops, shop, uniq_maggie
D:7:      layout_layer_cave, tgw_sif, the_bakery, dk_noncrumbling_3,
          lemuel_tele_altar, uniq_joseph
D:8:      layout_rooms, grunt_temple_overflow_diamond, serial_shops,
          nicolae_shop_overgrown_old_shop
D:9:      layout_long_grid, serial_shops, nicolae_shop_crystal,
          nicolae_shop_statue_plus, nicolae_shop_behind_doors,
          kennysheep_mini_moat
D:10:     layout_basic
D:11:     layout_basic, lair_entry_dummy, hiddenorc1_lemuel
D:12:     layout_long_grid, serial_bayou_lagoon_a, uniq_gastronok
D:13:     layout_small_grid, kennysheep_doodads
D:14:     layout_cave_pods, lightli_vaults_fourway_checkpoint, nrook_campfire
D:15:     grunt_enter_depths_hoard, layout_rooms, ebering_ghost_inner_flame,
          chequers_big_river
Temple:   nicolae_temple_elliptical
Lair:1:   layout_big_grid, gauntlet_entry_generic
Lair:2:   layout_long_grid, lemuel_fruit_fields, lemuel_fruit_tree,
          infiniplex_staircase_pool_2, minmay_lair_oklob_chamber
Lair:3:   layout_concentric_octagons, minmay_shoals_entry_centaurs,
          dummy_snake_entry, serial_rivers, chequers_serial_rivers_marsh,
          chequers_serial_rivers_micro_e, chequers_serial_rivers_marsh,
          chequers_serial_rivers_large_a, lemuel_fruit_fields
Lair:4:   layout_misc_corridors
Lair:5:   wander_river, layout_cave_pods, slime_altar_2, grunt_megastairs_4
Lair:6:   wormcave, layout_gridlike
Shoals:1: layout_shoals
Shoals:2: layout_shoals, serial_shops, shop, lemuel_altar_in_water
Shoals:3: layout_shoals, serial_shops, shop, uniq_ilsuiw
Shoals:4: shoals_end_grunt_garden, layout_shoals
Snake:1:  layout_onion_interference, st_stairs_6, uniq_roxanne, uniq_louise,
          uniq_josephine
Snake:2:  layout_chambers, drop_trap, grunt_megastairs_2, uniq_vashnia
Snake:3:  layout_gridlike
Snake:4:  snake_pit, layout_cave_town, serial_shops, nicolae_shop_stone,
          portal_ice_cave_entry_frozen_things, basic_altar, uniq_saint_roka
Slime:1:  cheibrodos_slime_lost_civilization_3, layout_caves
Slime:2:  layout_caves
Slime:3:  layout_caves
Slime:4:  layout_caves
Slime:5
Orc:1:    layout_diamond_mine
Orc:2:    st_orc_elflike, layout_diamond_mine, okawaru_metal_pillars_3
Vaults:1: hangedman_vaults_hard_town_square, v_misc_31, vaults_dpeg_cross,
          v_misc_11, v_misc_5, hangedman_vaults_maws, vaults_room_octagon,
          v_misc_30, vaults_room_fours, ontoclasm_vaults_pinch, v_misc_8,
          v_alt_pattern_3, nicolae_vaults_specimen_jars, layout_vaults_omnibox,
          basic_altar, uniq_asterion
Vaults:2: hangedman_vaults_nails, hangedman_vaults_capsules, vaults_door_vault,
          vaults_dpeg_encased_lava, hangedman_vaults_corner, vaults_room_fours,
          grunt_vaults_twisty, serial_ice_b, vaults_mumra_hexcomb,
          vaults_dpeg_hooks, layout_vaults_chaotic_city
Vaults:3: hangedman_vaults_maws, nicolae_vaults_know_your_exits,
          minmay_crypt_entry_simple_walls, hangedman_vaults_corner_blocks,
          hangedman_vaults_cutoff, hangedman_vaults_snaps,
          vaults_room_ringed_pool, vaults_dpeg_spiral, nicolae_vaults_alarming,
          ontoclasm_vaults_spin, v_misc_22, nicolae_vaults_little_squares_2,
          ontoclasm_vaults_ring_large, nicolae_vaults_shelves_hall,
          nicolae_vaults_diagonal_hallway_7, hangedman_vaults_slice,
          layout_vaults_ring
Vaults:4: v_misc_12, v_misc_8, nicolae_vaults_disjoint_gnomons,
          nicolae_vaults_asterisk, ontoclasm_vaults_chip,
          nicolae_vaults_ring_of_whatevers, hangedman_vaults_impose,
          vaults_room_grunt_arrival_checkpoint, nicolae_vaults_big_ls,
          layout_vaults_omnicross, serial_shops, shop
Depths:1: cheibrodos_witchhunters_guild, layout_gridlike, enter_ziggurat_f,
          ebering_ghost_reflecting_pool, abyss_entry_crystal, hell_entry,
          pan_entry, minmay_misc_feat_roman, serial_sigils_hangedman_quiver,
          minmay_variable_closet, minmay_orc_keep
Depths:2: lemuel_river_lethe, hell_entry, abyss_entry
Depths:3: minmay_box_of_curves, layout_basic, rand_demon_pan_entry_8,
          serial_sigils_hangedman_scratch, hell_entry, marbit_kobold_abyss_entry
Depths:4: minmay_spiral_squares, layout_basic, pan_entry, hell_entry,
          glass_columns_a, abyss_entry, minivault_1, minmay_holes,
          minmay_fractal_squares_diagonal_5, infiniplex_staircase_spiral,
          uniq_jory
Depths:5: grunt_zot_entry_funnels, layout_gridlike, special_room
          [special_room_morgue], grunt_hell_entry_dis_grunt,
          kennysheep_random_hallway
Zot:1:    layout_concentric_octagons, st_stairs_6
Zot:2:    layout_misc_corridors, drop_trap
Zot:3:    grunt_zot_stairs_overgrown, layout_concentric_octagons,
          gammafunk_ghost_abyssal_escape
Zot:4:    layout_basic
Zot:5:    layout_misc_corridors, st_stairs_5

Skill      XL: |  1  2  3  4  5  6  7  8  9 10 11 12 13 14 15 16 17 18 19 20 21 22 23 24 25 26 27 |
---------------+----------------------------------------------------------------------------------+-----
Fighting       | 2 3 4 5 6 7 8 10 11 12 13 14 15 16 17 19 | 19.0
Slings         | 6 7 8 9 10 12 13 15 16 17 18 19 20 22 | 22.8
Armour         | 1 2 4 5 8 9 11 12 13 14 15 | 15.8
Evocations     | 1 2 3 4 5 6 |  6.0
Short Blades   | 1 2 3 4 6 8 10 11 13 14 15 16 17 18 | 18.0
Shields        | 1 2 4 5 6 8 9 10 11 12 13 15 16 17 18 19 22 | 22.0
Invocations    | 5 7 8 10 11 12 13 14 16 17 18 19 20 21 23 | 23.0
Dodging        | 3 6 9 10 | 10.0
Translocations | 3 4 5 6 8 |  8.0
Spellcasting   | 1 2 |  2.0
Hexes          | 1 |  1.0
Stealth        | |  1.3

Action                   |  1- 3 |  4- 6 |  7- 9 | 10-12 | 13-15 | 16-18 | 19-21 | 22-24 | 25-27 || total
-------------------------+-------+-------+-------+-------+-------+-------+-------+-------+-------++-------
Melee: Short sword       |   102 |   207 |   203 |   216 |       |   237 |  1329 |  2014 |  1170 ||  5478
       Dagger            |       |       |       |   789 |  1017 |       |       |       |       ||  1806
       Fustibalus        |       |       |       |       |       |       |     1 |       |       ||     1
 Fire: Hunting sling     |    17 |    51 |   359 |   600 |   796 |  1821 |    64 |       |       ||  3708
       Fustibalus        |       |       |       |       |       |       |   891 |   385 |  2202 ||  3478
Throw: Stone             |       |       |       |       |       |    17 |       |       |       ||    17
 Cast: Portal Projectile |       |       |       |       |       |       |       |       |     1 ||     1
Invok: Draw Destruction  |       |       |       |    16 |    29 |     5 |    12 |       |     6 ||    68
       Draw Summoning    |       |       |       |     9 |    13 |       |     3 |     2 |     3 ||    30
       Deal Four         |       |       |       |       |     5 |     5 |       |     1 |     7 ||    18
       Draw Stack        |       |       |       |       |       |       |     2 |       |     2 ||     4
       Stack Five        |       |       |       |       |       |       |     1 |       |       ||     1
Evoke: Wand              |       |       |     1 |     4 |     1 |     3 |       |       |       ||     9
  Use: Scroll            |     1 |     2 |     4 |     9 |    15 |     8 |    15 |     9 |    13 ||    76
       Potion            |       |       |       |     2 |     5 |     3 |       |     6 |    10 ||    26
 Stab: Petrified         |       |       |       |     4 |       |       |       |     1 |       ||     5
       Distracted        |       |       |       |       |     1 |       |     2 |     1 |     1 ||     5
  Eat: Chunk             |       |     5 |     8 |    22 |    31 |    16 |    30 |    23 |    33 ||   168
       Ration            |       |       |       |     1 |     1 |     5 |       |     1 |     3 ||    11
Armor: Plate armour      |    63 |   132 |   225 |   565 |   353 |   171 |   443 |   409 |   648 ||  3009
       Skin              |       |       |       |    10 |       |       |       |       |       ||    10
       Scale mail        |       |       |       |       |   151 |   180 |       |       |       ||   331
Dodge: Dodged            |    27 |    63 |   114 |   318 |   439 |   487 |   404 |   438 |   571 ||  2861
Block: Kite shield       |       |     2 |       |       |       |       |   705 |  1211 |  1509 ||  3427
       Buckler           |       |     1 |   106 |   261 |   289 |   292 |    78 |       |       ||  1027
